[Event "23rd Alekhine FIDE 2019"]
[Site "Voronezh"]
[Date "2019.06.14"]
[Round "3.2"]
[White "Mezhov, Dmitriy"]
[Black "Eliseev, Mikhail"]
[Result "0-1"]
[ECO "B38"]
[WhiteElo "1974"]
[BlackElo "2169"]
[Annotator "NA"]
[PlyCount "82"]
[EventDate "2019.06.12"]
[EventType "swiss"]
[EventCountry "RUS"]
[SourceTitle "playchess.com"]
[Source "ChessBase"]
[SourceQuality "1"]
[TimeControl "40/5400+30:1800+30"]

1. e4 c5 2. Nf3 g6 3. c4 Nc6 4. d4 cxd4 5. Nxd4 Bg7 6. Be3 Nf6 7. Nc3 O-O 8. Be2 d6 9. O-O Bd7 10. f4 Nxd4 11. Bxd4 Bc6 12. Bf3 a5 13. Nd5 Bxd5 14. cxd5 Nd7 15. Bxg7 Kxg7 16. Qd4+ Kg8 17. Rac1 Nc5 18. h4 Qb6 19. h5 Rac8 20. Bg4 f5 21. exf5 gxf5 22. Bxf5 Rxf5 23. h6 Rf6 24. Rf3 Kf7 25. Rg3 Rg8 26. Re3 Rfg6 27. Rc2 Qb4 28. Qd1 Rxh6 29. Qe2 Re8 30. Qg4 Qd4 31. Rce2 Qxd5 32. f5 Qd1+ 33. Kf2 Nd3+ 34. Kg3 Ne5 35. Rxe5 dxe5 36. Qc4+ Kf8 37. Rxe5 Qd6 38. Qf4 Rd8 39. Kg4 Qd1+ 40. Kg3 Rd3+ 41. Re3 Qe1+ 0-1

[Event "23rd Alekhine FIDE 2019"]
[Site "Voronezh"]
[Date "2019.06.14"]
[Round "3.3"]
[White "Krupin, Victor"]
[Black "Shaydullina, Sandugach"]
[Result "1/2-1/2"]
[ECO "B57"]
[WhiteElo "1958"]
[BlackElo "2128"]
[Annotator "NA"]
[PlyCount "83"]
[EventDate "2019.06.12"]
[EventType "swiss"]
[EventCountry "RUS"]
[SourceTitle "playchess.com"]
[Source "ChessBase"]
[SourceQuality "1"]
[TimeControl "40/5400+30:1800+30"]

1. e4 c5 2. Nf3 d6 3. d4 cxd4 4. Nxd4 Nf6 5. Nc3 Nc6 6. Bc4 Qb6 7. Nde2 e6 8. Bb3 Be7 9. Be3 Qc7 10. f3 a6 11. Qd2 Na5 12. O-O-O Nxb3+ 13. axb3 O-O 14. g4 b5 15. g5 Nd7 16. h4 Bb7 17. h5 Rfc8 18. Kb1 b4 19. Na4 Bc6 20. Nd4 Qa5 21. g6 Bxa4 22. gxf7+ Kxf7 23. bxa4 Qxa4 24. Nxe6 b3 25. cxb3 Qxb3 26. Nd4 Qb7 27. Nf5 Ne5 28. Qg2 Rg8 29. Bg5 Bf8 30. Nxd6+ Bxd6 31. Rxd6 Nc4 32. Rd3 Rab8 33. Bc1 Rgc8 34. Rhd1 Kg8 35. Rd7 Na3+ 36. Ka1 Rxc1+ 37. Rxc1 Qxd7 38. bxa3 Rb3 39. Ka2 Qe6 40. Rc8+ Kf7 41. Rc7+ Ke8 42. Qg4 1/2-1/2

[Event "23rd Alekhine FIDE 2019"]
[Site "Voronezh"]
[Date "2019.06.14"]
[Round "3.4"]
[White "Kholodov, Vladimir"]
[Black "Skvortsov, Andrei"]
[Result "0-1"]
[ECO "B02"]
[WhiteElo "1939"]
[BlackElo "2123"]
[Annotator "NA"]
[PlyCount "96"]
[EventDate "2019.06.12"]
[EventType "swiss"]
[EventCountry "RUS"]
[SourceTitle "playchess.com"]
[Source "ChessBase"]
[SourceQuality "1"]
[TimeControl "40/5400+30:1800+30"]

1. e4 Nf6 2. Nc3 d5 3. exd5 Nxd5 4. Bc4 Nb6 5. Bb3 Nc6 6. Qf3 e6 7. Nge2 Be7 8. O-O O-O 9. d3 Bg5 10. Bxg5 Qxg5 11. Ne4 Qh6 12. c3 e5 13. Rad1 Be6 14. Nc5 Bxb3 15. axb3 Rab8 16. d4 Rfe8 17. d5 Ne7 18. c4 Qd6 19. Ne4 Qg6 20. d6 cxd6 21. Nxd6 Rf8 22. Nc3 Nc6 23. c5 Nd4 24. Qh3 Nc8 25. Nc4 Nc6 26. b4 a6 27. Nd5 Rd8 28. Qg3 f6 29. Qb3 Qf7 30. Na5 Nd4 31. Rxd4 exd4 32. Qg3 Na7 33. Nf4 d3 34. Nxd3 Qg6 35. Nf4 Qxg3 36. hxg3 Nc6 37. Re1 Kf7 38. Nc4 Rd4 39. Nd6+ Kg8 40. b5 axb5 41. Nxb5 Rb4 42. Nd6 Rxb2 43. Re6 Rc2 44. Nxb7 Rc1+ 45. Kh2 Ne5 46. Re7 g5 47. Nh5 Ng4+ 48. Kh3 Nxf2+ 0-1

[Event "23rd Alekhine FIDE 2019"]
[Site "Voronezh"]
[Date "2019.06.14"]
[Round "3.5"]
[White "Stepochkin, Fedor"]
[Black "Zakirov, Vladislav"]
[Result "1-0"]
[ECO "C44"]
[WhiteElo "1929"]
[BlackElo "2099"]
[Annotator "NA"]
[PlyCount "53"]
[EventDate "2019.06.12"]
[EventType "swiss"]
[EventCountry "RUS"]
[SourceTitle "playchess.com"]
[Source "ChessBase"]
[SourceQuality "1"]
[TimeControl "40/5400+30:1800+30"]

1. e4 e5 2. Nf3 Nc6 3. d4 exd4 4. Nxd4 Nf6 5. Nxc6 bxc6 6. Bd3 Bb4+ 7. c3 Be7 8. O-O d5 9. e5 Nd7 10. f4 Bc5+ 11. Kh1 Qh4 12. Nd2 Bb7 13. Bf5 O-O-O 14. Nf3 Qe7 15. b4 Bb6 16. a4 a6 17. Ba3 Kb8 18. Nd4 g6 19. b5 c5 20. bxa6 Ba8 21. Bxd7 Qxd7 22. a5 cxd4 23. axb6 dxc3 24. b7 d4 25. Qb3 Qd5 26. a7+ Kxa7 27. Bc5+ 1-0

[Event "23rd Alekhine FIDE 2019"]
[Site "Voronezh"]
[Date "2019.06.14"]
[Round "3.6"]
[White "Ershova, Sofya"]
[Black "Ioffe, Evgeny"]
[Result "1/2-1/2"]
[ECO "C84"]
[WhiteElo "1798"]
[BlackElo "2082"]
[Annotator "NA"]
[PlyCount "133"]
[EventDate "2019.06.12"]
[EventType "swiss"]
[EventCountry "RUS"]
[SourceTitle "playchess.com"]
[Source "ChessBase"]
[SourceQuality "1"]
[TimeControl "40/5400+30:1800+30"]

1. e4 e5 2. Nf3 Nc6 3. Bb5 a6 4. Ba4 Nf6 5. O-O Be7 6. d3 b5 7. Bb3 O-O 8. a4 b4 9. a5 d6 10. Nbd2 h6 11. h3 Re8 12. Nc4 Bf8 13. Ne3 Rb8 14. c3 Bd7 15. Bc4 Qc8 16. Nh4 bxc3 17. bxc3 Ne7 18. f4 exf4 19. Rxf4 Be6 20. Bxe6 Qxe6 21. Ng4 Nxg4 22. Rxg4 g6 23. Be3 Bg7 24. Qd2 Kh7 25. Nf3 Qb3 26. Rh4 Bxc3 27. Rxh6+ Kg8 28. Bd4 Bxd4+ 29. Nxd4 Qb2 30. Qxb2 Rxb2 31. Nf3 Reb8 32. Rh4 Rb1+ 33. Rxb1 Rxb1+ 34. Kf2 Rb5 35. e5 dxe5 36. Rc4 c6 37. Ra4 f6 38. g4 Kf7 39. h4 Ke6 40. Nd2 Rb2 41. Ke1 c5 42. Rc4 Rb4 43. Ne4 Rxc4 44. dxc4 Nc6 45. Nxc5+ Kf7 46. Nb7 f5 47. h5 gxh5 48. gxh5 Kf6 49. c5 Kg5 50. h6 Kxh6 51. Nd6 Kg5 52. Nc4 e4 53. Kf2 Kf4 54. Ke2 Nd4+ 55. Kf2 Nc6 56. Ke2 Kg5 57. Nd6 Kf6 58. Ke3 Ke5 59. Nc4+ Kd5 60. Nd6 Nxa5 61. Nxf5 Nc4+ 62. Kf4 a5 63. c6 Kxc6 64. Kxe4 Kb5 65. Nd4+ Kb6 66. Kd3 Nd6 67. Kc3 1/2-1/2

[Event "23rd Alekhine FIDE 2019"]
[Site "Voronezh"]
[Date "2019.06.14"]
[Round "3.7"]
[White "Mikhnenko, Alexander"]
[Black "Sokolovsky, Victor"]
[Result "1-0"]
[ECO "A45"]
[WhiteElo "2052"]
[BlackElo "1916"]
[Annotator "NA"]
[PlyCount "50"]
[EventDate "2019.06.12"]
[EventType "swiss"]
[EventCountry "RUS"]
[SourceTitle "playchess.com"]
[Source "ChessBase"]
[SourceQuality "1"]
[TimeControl "40/5400+30:1800+30"]

1. d4 Nf6 2. Bg5 d5 3. e3 e6 4. Bd3 c5 5. c3 Nc6 6. f4 h6 7. Bh4 Bd6 8. Nd2 g5 9. fxg5 hxg5 10. Bxg5 e5 11. dxc5 Bxc5 12. Qe2 Bg4 13. Qf2 Be7 14. Ne2 Ne4 15. Nxe4 Bxg5 16. Nxg5 Qxg5 17. h3 d4 18. Rf1 Be6 19. Qf6 Rg8 20. Qxg5 Rxg5 21. exd4 Rxg2 22. Be4 Rh2 23. d5 f5 24. Bf3 Bf7 25. dxc6 e4 1-0

[Event "23rd Alekhine FIDE 2019"]
[Site "Voronezh"]
[Date "2019.06.14"]
[Round "3.8"]
[White "Vasiljev, Ilya"]
[Black "Kiseleva, Arina"]
[Result "1-0"]
[ECO "B57"]
[WhiteElo "1762"]
[BlackElo "2049"]
[Annotator "NA"]
[PlyCount "100"]
[EventDate "2019.06.12"]
[EventType "swiss"]
[EventCountry "RUS"]
[SourceTitle "playchess.com"]
[Source "ChessBase"]
[SourceQuality "1"]
[TimeControl "40/5400+30:1800+30"]

1. e4 c5 2. Nf3 d6 3. d4 cxd4 4. Nxd4 Nf6 5. Nc3 Nc6 6. Bc4 Bd7 7. a3 g6 8. f3 Nxd4 9. Qxd4 Bg7 10. Be3 O-O 11. Qd2 Qc7 12. Ba2 Be6 13. Bxe6 fxe6 14. O-O a6 15. Kh1 b5 16. Bh6 Qc5 17. Bxg7 Kxg7 18. a4 b4 19. Nd1 Nxe4 20. Qe2 Qf5 21. Ne3 Qh5 22. Qe1 Nf6 23. Qxb4 Rab8 24. Qa3 Rfc8 25. Rfe1 a5 26. c3 Qh4 27. Qa2 d5 28. Nc2 Qf2 29. Rac1 Rb6 30. Qa3 Kf7 31. Rf1 Qd2 32. Rfd1 Qg5 33. Nd4 Nh5 34. Rc2 Nf4 35. Rcd2 Qf6 36. b4 axb4 37. cxb4 e5 38. Nb5 d4 39. Qb3+ Qe6 40. Qb1 Nd5 41. Re1 Ne3 42. f4 exf4 43. Rxd4 Qf6 44. Qb3+ Kf8 45. Qd3 Kg7 46. Re4 Rb7 47. Qd4 g5 48. g3 Qxd4 49. Nxd4 Nd5 50. Ne6+ Kf6 1-0

[Event "23rd Alekhine FIDE 2019"]
[Site "Voronezh"]
[Date "2019.06.14"]
[Round "3.9"]
[White "Natarov, Ilya"]
[Black "Rudakov, Sergey S."]
[Result "1-0"]
[ECO "A40"]
[WhiteElo "2045"]
[BlackElo "1880"]
[Annotator "NA"]
[PlyCount "114"]
[EventDate "2019.06.12"]
[EventType "swiss"]
[EventCountry "RUS"]
[SourceTitle "playchess.com"]
[Source "ChessBase"]
[SourceQuality "1"]
[TimeControl "40/5400+30:1800+30"]

1. d4 Nf6 2. c4 e6 3. g3 d5 4. Nf3 b6 5. cxd5 Nxd5 6. Bg2 Bb7 7. O-O Be7 8. Re1 O-O 9. e4 Nf6 10. Nc3 Bb4 11. Qc2 Nc6 12. a3 Be7 13. Rd1 Nd7 14. Bf4 g5 15. Be3 g4 16. Nd2 Bg5 17. Nc4 Bxe3 18. Nxe3 Qg5 19. e5 f5 20. exf6 Nxf6 21. Ne4 Qg6 22. Nxf6+ Qxf6 23. Nxg4 Qg7 24. Ne3 Nxd4 25. Rxd4 Qxd4 26. Bxb7 Rad8 27. Rd1 Qe5 28. Rxd8 Rxd8 29. Be4 h6 30. Bf3 Rf8 31. Qg6+ Qg7 32. Qxe6+ Qf7 33. Qxf7+ Kxf7 34. Kf1 c5 35. Ke2 b5 36. Bd5+ Ke7 37. f4 b4 38. axb4 cxb4 39. Kd3 a5 40. Ng4 a4 41. Kc4 Kd6 42. Bf3 Rb8 43. Nxh6 b3 44. Nf5+ Kd7 45. Be4 Rc8+ 46. Kb4 Rc2 47. Kxa4 Rxb2 48. Bd5 Rxh2 49. Kxb3 Rd2 50. Bc4 Kc6 51. Kc3 Rf2 52. Kd4 Rd2+ 53. Ke5 Kc5 54. Be6 Re2+ 55. Kf6 Rf2 56. Kg5 Re2 57. Bf7 Re6 1-0

[Event "23rd Alekhine FIDE 2019"]
[Site "Voronezh"]
[Date "2019.06.14"]
[Round "3.10"]
[White "Artemov, Nikita"]
[Black "Ashutosh, Kumar"]
[Result "1/2-1/2"]
[ECO "E32"]
[WhiteElo "2028"]
[BlackElo "1852"]
[Annotator "NA"]
[PlyCount "83"]
[EventDate "2019.06.12"]
[EventType "swiss"]
[EventCountry "RUS"]
[SourceTitle "playchess.com"]
[Source "ChessBase"]
[SourceQuality "1"]
[TimeControl "40/5400+30:1800+30"]

1. d4 Nf6 2. c4 e6 3. Nc3 Bb4 4. Qc2 O-O 5. a3 Bxc3+ 6. Qxc3 b6 7. Nf3 Bb7 8. e3 d6 9. Be2 Nbd7 10. O-O Qe7 11. b3 c5 12. Bb2 Rfd8 13. Rfd1 cxd4 14. Nxd4 Nc5 15. f3 d5 16. a4 dxc4 17. Bxc4 a6 18. e4 Rac8 19. Rac1 h6 20. Qe3 Rd7 21. Be2 Rdc7 22. Ba3 Nh7 23. b4 Nxa4 24. b5 Qg5 25. Qxg5 hxg5 26. Rxc7 Rxc7 27. bxa6 Ba8 28. Nf5 Nf6 29. Rd8+ Kh7 30. Rxa8 exf5 31. a7 Nc3 32. Rh8+ Kxh8 33. a8=Q+ Kh7 34. Bf1 fxe4 35. fxe4 Nfxe4 36. Bd3 f5 37. Qf8 g6 38. Bc4 Rg7 39. Bb2 b5 40. Bd5 Ne2+ 41. Kf1 N4c3 42. Bf3 1/2-1/2

[Event "23rd Alekhine FIDE 2019"]
[Site "Voronezh"]
[Date "2019.06.14"]
[Round "3.11"]
[White "Popov, Maksim M."]
[Black "Maraktanov, Andrey"]
[Result "1-0"]
[ECO "A04"]
[WhiteElo "2182"]
[BlackElo "1787"]
[Annotator "NA"]
[PlyCount "73"]
[EventDate "2019.06.12"]
[EventType "swiss"]
[EventCountry "RUS"]
[SourceTitle "playchess.com"]
[Source "ChessBase"]
[SourceQuality "1"]
[TimeControl "40/5400+30:1800+30"]

1. Nf3 c5 2. c4 Nc6 3. d4 cxd4 4. Nxd4 g6 5. Nc3 Bg7 6. e3 Nf6 7. g3 d6 8. Bg2 Bd7 9. O-O O-O 10. b3 a6 11. Bb2 Rb8 12. Re1 Nxd4 13. exd4 b5 14. c5 dxc5 15. dxc5 b4 16. Nd5 Re8 17. Rc1 Nxd5 18. Bxg7 Kxg7 19. Qxd5 Be6 20. Qe5+ Kg8 21. c6 Rb5 22. Qf4 Qb6 23. c7 Rc8 24. Rc6 Qa5 25. Rexe6 fxe6 26. Bh3 Rf5 27. Bxf5 exf5 28. Qc4+ Kf8 29. h4 f4 30. Qxf4+ Ke8 31. Qc4 Kf8 32. Qg4 Qf5 33. Qxb4 a5 34. Qd4 Ke8 35. Rc5 Qe6 36. Qa4+ Kf8 37. Qxa5 1-0

[Event "23rd Alekhine FIDE 2019"]
[Site "Voronezh"]
[Date "2019.06.14"]
[Round "3.12"]
[White "Katkov, Vitaly"]
[Black "Bratov, Ademir"]
[Result "1/2-1/2"]
[ECO "A83"]
[WhiteElo "2001"]
[BlackElo "1725"]
[Annotator "NA"]
[PlyCount "92"]
[EventDate "2019.06.12"]
[EventType "swiss"]
[EventCountry "RUS"]
[SourceTitle "playchess.com"]
[Source "ChessBase"]
[SourceQuality "1"]
[TimeControl "40/5400+30:1800+30"]

1. d4 f5 2. e4 fxe4 3. Nc3 Nf6 4. Bg5 Nc6 5. f3 d5 6. Bb5 exf3 7. Nxf3 Bg4 8. h3 Bxf3 9. Qxf3 e6 10. O-O Be7 11. Rae1 O-O 12. Bxc6 bxc6 13. Qe3 Rf7 14. Qxe6 Qd6 15. Bf4 Qxe6 16. Rxe6 c5 17. Be5 cxd4 18. Bxf6 dxc3 19. Rxe7 gxf6 20. Rxf7 Kxf7 21. bxc3 Rb8 22. Rf5 c6 23. c4 Kg6 24. Rf4 Rb4 25. Rg4+ Kf7 26. cxd5 Rxg4 27. hxg4 cxd5 28. Kf2 Ke6 29. Ke3 Ke5 30. c3 h6 31. a4 a5 32. g3 f5 33. gxf5 Kxf5 34. Kd4 Kg4 35. Kxd5 Kxg3 36. c4 h5 37. c5 h4 38. c6 h3 39. c7 h2 40. c8=Q h1=Q+ 41. Kd4 Qd1+ 42. Ke3 Qb3+ 43. Kd2 Qxa4 44. Qf5 Qb4+ 45. Kc2 a4 46. Qg5+ Kf3 1/2-1/2

[Event "23rd Alekhine FIDE 2019"]
[Site "Voronezh"]
[Date "2019.06.14"]
[Round "3.13"]
[White "Ponomariov, Timur"]
[Black "Medvedev, Matvey"]
[Result "1-0"]
[ECO "D00"]
[WhiteElo "2172"]
[BlackElo "1929"]
[Annotator "NA"]
[PlyCount "54"]
[EventDate "2019.06.12"]
[EventType "swiss"]
[EventCountry "RUS"]
[SourceTitle "playchess.com"]
[Source "ChessBase"]
[SourceQuality "1"]
[TimeControl "40/5400+30:1800+30"]

1. d4 d5 2. Nc3 Nf6 3. Bf4 e6 4. Nb5 Na6 5. e3 Be7 6. Nf3 O-O 7. Ne5 c6 8. Nc3 Qa5 9. Bd3 Nb4 10. Be2 Ne4 11. O-O f6 12. Nxe4 fxe5 13. Bg5 Qd8 14. Bxe7 Qxe7 15. Nd2 e4 16. c3 Na6 17. Bxa6 bxa6 18. f4 Rb8 19. Nb3 Rf6 20. Qe2 Rh6 21. Nc5 Rg6 22. b4 a5 23. bxa5 Qd8 24. Rab1 Rxb1 25. Rxb1 Qxa5 26. Rb8 Qc7 27. Qb2 Rf6 1-0

[Event "23rd Alekhine FIDE 2019"]
[Site "Voronezh"]
[Date "2019.06.14"]
[Round "3.14"]
[White "Kolomensky, Vladimir"]
[Black "Tokmantsev, Ivan"]
[Result "1-0"]
[ECO "B70"]
[WhiteElo "2134"]
[BlackElo "1894"]
[Annotator "NA"]
[PlyCount "85"]
[EventDate "2019.06.12"]
[EventType "swiss"]
[EventCountry "RUS"]
[SourceTitle "playchess.com"]
[Source "ChessBase"]
[SourceQuality "1"]
[TimeControl "40/5400+30:1800+30"]

1. e4 c5 2. Nf3 d6 3. d4 cxd4 4. Nxd4 Nf6 5. Nc3 g6 6. Be2 Bg7 7. O-O O-O 8. Bg5 Nc6 9. Nb3 a6 10. Re1 b5 11. Bf1 Re8 12. Nd5 Nxd5 13. exd5 Ne5 14. c3 Bb7 15. Rb1 Rc8 16. Be3 Nc4 17. g3 Qd7 18. Bg2 Ba8 19. Bd4 Bf8 20. Nd2 Qb7 21. b3 Nxd2 22. Qxd2 e5 23. Be3 f5 24. c4 Rc7 25. a4 Rec8 26. a5 Rf7 27. f4 e4 28. Bf1 b4 29. Bb6 Bg7 30. Qxb4 Qe7 31. Qd2 h6 32. Be3 Bf6 33. b4 Kh7 34. c5 g5 35. c6 Rg7 36. Kh1 Rcg8 37. Bxa6 Qf7 38. Rg1 h5 39. Be2 g4 40. b5 Kg6 41. b6 Bb7 42. cxb7 Rh7 43. h4 1-0

[Event "23rd Alekhine FIDE 2019"]
[Site "Voronezh"]
[Date "2019.06.15"]
[Round "4.1"]
[White "Eliseev, Mikhail"]
[Black "Popov, Maksim"]
[Result "0-1"]
[ECO "A45"]
[WhiteElo "2169"]
[BlackElo "2014"]
[Annotator "ChessBase"]
[PlyCount "116"]
[EventDate "2019.06.12"]
[EventType "swiss"]
[EventCountry "RUS"]
[SourceTitle "playchess.com"]
[Source "ChessBase"]
[SourceQuality "1"]
[TimeControl "40/5400+30:1800+30"]

1. d4 Nf6 2. Bf4 e6 3. e3 b6 4. h3 Bb7 5. Nd2 Bd6 6. Bxd6 cxd6 7. Ngf3 h6 8. Bd3 Ba6 9. Bxa6 Nxa6 10. e4 Qc7 11. c3 Qb7 12. Qe2 b5 13. e5 dxe5 14. dxe5 Nd5 15. Ne4 O-O 16. Nd6 Qb6 17. Qxb5 Rab8 18. Qxb6 Rxb6 19. Nc4 Rbb8 20. O-O Nc5 21. Rfd1 f6 22. Rac1 Na4 23. Rd2 Rfc8 24. Nd6 Rc6 25. c4 fxe5 26. b3 Rxd6 27. bxa4 Rc8 28. Rcc2 Rdc6 29. Nxe5 R6c7 30. Rb2 Nb6 31. a5 Na4 32. Rb1 Nc5 33. Rbd1 Rd8 34. Rd4 Kf8 35. Rf4+ Kg8 36. h4 Nb7 37. a6 Nc5 38. Rfd4 h5 39. f3 Kf8 40. g4 hxg4 41. fxg4 Ke7 42. Rf1 d5 43. Rdf4 Nxa6 44. Rf7+ Kd6 45. cxd5 Kxe5 46. Re1+ Kd4 47. dxe6 Rxf7 48. exf7 Rf8 49. Re7 Nb8 50. Re8 Nd7 51. g5 Rxf7 52. Kg2 Ne5 53. Re6 Rf4 54. Kg3 Rf3+ 55. Kg2 Ra3 56. h5 Nd3 57. h6 Nf4+ 58. Kh2 Rh3+ 0-1

[Event "23rd Alekhine FIDE 2019"]
[Site "Voronezh"]
[Date "2019.06.15"]
[Round "4.2"]
[White "Skvortsov, Andrei"]
[Black "Stepochkin, Fedor"]
[Result "1/2-1/2"]
[ECO "C01"]
[WhiteElo "2123"]
[BlackElo "1929"]
[Annotator "ChessBase"]
[PlyCount "110"]
[EventDate "2019.06.12"]
[EventType "swiss"]
[EventCountry "RUS"]
[SourceTitle "playchess.com"]
[Source "ChessBase"]
[SourceQuality "1"]
[TimeControl "40/5400+30:1800+30"]

1. e4 e6 2. d4 d5 3. exd5 exd5 4. Nf3 Nf6 5. Bd3 Bd6 6. Qe2+ Qe7 7. Qxe7+ Kxe7 8. O-O Re8 9. Bg5 h6 10. Bh4 g5 11. Bg3 Nc6 12. Re1+ Be6 13. c3 Bxg3 14. hxg3 Kf8 15. Na3 a6 16. Nd2 Ne7 17. f3 Nf5 18. Kf2 Nd6 19. Rh1 Kg7 20. g4 Nd7 21. Rae1 f5 22. gxf5 Bxf5 23. Bxf5 Nxf5 24. Nc2 c5 25. Nb3 b6 26. Rd1 c4 27. Nd2 b5 28. Nb4 Nf6 29. Rhe1 a5 30. Nc6 Ra6 31. Rxe8 Nxe8 32. Re1 Nf6 33. Nd8 b4 34. g4 bxc3 35. bxc3 Nh4 36. Re7+ Kf8 37. Re6 Rxe6 38. Nxe6+ Ke7 39. Nc5 Kd6 40. Nb7+ Kc7 41. Nxa5 Kb6 42. Naxc4+ dxc4 43. Nxc4+ Kc6 44. Ne5+ Kd5 45. a4 Ne8 46. a5 Nc7 47. Kg3 Na6 48. f4 Ke4 49. f5 Nxf5+ 50. gxf5 Kxf5 51. Nd3 h5 52. c4 h4+ 53. Kh3 Ke4 54. Nc5+ Kxd4 55. Nxa6 Kxc4 1/2-1/2

[Event "23rd Alekhine FIDE 2019"]
[Site "Voronezh"]
[Date "2019.06.15"]
[Round "4.3"]
[White "Tatarintsev, Egor"]
[Black "Mikhnenko, Alexander"]
[Result "1-0"]
[ECO "B10"]
[WhiteElo "2001"]
[BlackElo "2052"]
[Annotator "NA"]
[PlyCount "115"]
[EventDate "2019.06.12"]
[EventType "swiss"]
[EventCountry "RUS"]
[SourceTitle "playchess.com"]
[Source "ChessBase"]
[SourceQuality "1"]
[TimeControl "40/5400+30:1800+30"]

1. e4 c6 2. Nc3 d5 3. Nf3 dxe4 4. Nxe4 Nd7 5. d4 Ngf6 6. Ng3 e6 7. Bd3 Be7 8. O-O c5 9. c3 O-O 10. Qe2 b6 11. Rd1 Qc7 12. Bg5 Bb7 13. Ne4 $11 Nd5 14. Bxe7 Nxe7 15. Neg5 Nf6 16. Ne5 h6 17. Ne4 Nxe4 18. Bxe4 Bxe4 19. Qxe4 cxd4 20. Rxd4 Rad8 21. Rad1 Rxd4 22. Rxd4 Rd8 23. Rxd8+ Qxd8 24. Qd3 Qc7 25. Nf3 f6 26. g3 Kf7 27. Nd2 Nc6 28. Nc4 Ke7 29. a4 Ne5 30. Nxe5 Qxe5 31. Qf3 Kd6 32. Qb7 g5 33. h3 Qa5 34. Qb8+ Kd5 35. Qd8+ Ke4 36. Qd4+ Kf5 37. g4+ Kg6 38. Qe4+ Kg7 39. Qb7+ Kg6 40. Qc8 Kg7 41. Qd7+ Kg6 42. Qe8+ Kg7 43. Qe7+ Kg6 44. Qxe6 Kg7 45. Qe7+ Kg6 46. Qe4+ Kg7 47. Qe7+ Kg6 48. Qe8+ Kg7 49. Qb5 Qxb5 50. axb5 Kf7 51. c4 Ke6 52. b4 Ke5 53. c5 bxc5 54. bxc5 Kd5 55. c6 Kd6 56. Kg2 a5 57. bxa6 Kxc6 58. Kf3 1-0

[Event "23rd Alekhine FIDE 2019"]
[Site "Voronezh"]
[Date "2019.06.15"]
[Round "4.4"]
[White "Ashutosh, Kumar"]
[Black "Natarov, Ilya"]
[Result "1/2-1/2"]
[ECO "A11"]
[WhiteElo "1852"]
[BlackElo "2045"]
[Annotator "NA"]
[PlyCount "96"]
[EventDate "2019.06.12"]
[EventType "swiss"]
[EventCountry "RUS"]
[SourceTitle "playchess.com"]
[Source "ChessBase"]
[SourceQuality "1"]
[TimeControl "40/5400+30:1800+30"]

1. c4 c6 2. g3 d5 3. Nf3 Nf6 4. Bg2 Bf5 5. cxd5 cxd5 6. Qb3 Nc6 {[%emt 0:00:59] A11: English Opening: 1...c6} 7. Qxb7 Bd7 8. Qb3 Rb8 9. Qd1 e5 10. O-O e4 11. Ne1 $1 Bc5 (11... h5 $1 $11) 12. d3 O-O $146 ({Predecessor:} 12... h5 13. Nc3 h4 14. dxe4 hxg3 15. hxg3 Bh3 16. Bxh3 Rxh3 17. Kg2 Qc8 18. Nd3 Rh5 19. Rh1 Rxh1 20. Qxh1 {1-0 (20) Dubov,D (2648)-Goganov,A (2627) St Petersburg 2016}) 13. Nc3 Re8 14. Bg5 e3 15. fxe3 Bxe3+ 16. Bxe3 Rxe3 17. Nc2 Re7 18. Rxf6 gxf6 19. Nxd5 {[%emt 0:00:18] Double Attack} Re5 20. d4 Rg5 $16 21. b3 Bg4 22. Nce3 Be6 23. Rc1 Bxd5 24. Nxd5 Rxd5 25. Rxc6 Rxd4 26. Qc2 Rd1+ 27. Bf1 Qd4+ 28. Kg2 Rd2 29. Qf5 Qd5+ 30. Qxd5 Rxd5 31. Rxf6 Ra5 32. e4 Rxa2+ 33. Kh3 Kg7 34. Rf5 Rb6 35. Bc4 Rf6 36. Rg5+ Kh6 37. Rc5 Rff2 38. Kg4 Rf6 39. Rh5+ Kg7 40. h4 Ra1 41. Rc5 Rg1 42. h5 Ra1 43. e5 Rf2 44. Rc7 Ra5 45. e6 Kh6 46. exf7 Rg5+ 47. Kh3 Rxh5+ 48. Kg4 Ra5 1/2-1/2

[Event "23rd Alekhine FIDE 2019"]
[Site "Voronezh"]
[Date "2019.06.15"]
[Round "4.5"]
[White "Ponomariov, Timur"]
[Black "Vasiljev, Ilya"]
[Result "0-1"]
[ECO "C13"]
[WhiteElo "2172"]
[BlackElo "1762"]
[Annotator "ChessBase"]
[PlyCount "84"]
[EventDate "2019.06.12"]
[EventType "swiss"]
[EventCountry "RUS"]
[SourceTitle "playchess.com"]
[Source "ChessBase"]
[SourceQuality "1"]
[TimeControl "40/5400+30:1800+30"]

1. d4 Nf6 2. Nc3 e6 3. e4 d5 4. Bg5 Be7 5. Nf3 Nxe4 6. Nxe4 dxe4 7. Bxe7 Qxe7 8. Nd2 b6 9. Nxe4 Bb7 10. Bb5+ Nd7 11. Qe2 O-O 12. O-O Nf6 13. f3 Rfd8 14. Rad1 Nxe4 15. fxe4 c5 16. c3 a6 17. Bc4 b5 18. Bb3 Rd7 19. Qe3 cxd4 20. cxd4 Rad8 21. Rd2 Qd6 22. h4 Qb6 23. Rdf2 a5 24. a3 Ba6 25. Rf3 a4 26. Bc2 Qxd4 27. Qxd4 Rxd4 28. Rxf7 b4 29. R1f4 b3 30. Bb1 Rd1+ 31. Kh2 Rxb1 32. Ra7 Bd3 33. Rg4 g6 34. h5 Be2 35. Rg5 Bxh5 36. g4 Rxb2+ 37. Kg3 Rd3+ 38. Kf4 Rf2+ 39. Ke5 h6 40. Rxg6+ Bxg6 41. g5 hxg5 42. Rf7 Rxf7 0-1

[Event "23rd Alekhine FIDE 2019"]
[Site "Voronezh"]
[Date "2019.06.15"]
[Round "4.6"]
[White "Katkov, Vitaly"]
[Black "Kolomensky, Vladimir"]
[Result "1/2-1/2"]
[ECO "A46"]
[WhiteElo "2001"]
[BlackElo "2134"]
[Annotator "ChessBase"]
[PlyCount "82"]
[EventDate "2019.06.12"]
[EventType "swiss"]
[EventCountry "RUS"]
[SourceTitle "playchess.com"]
[Source "ChessBase"]
[SourceQuality "1"]
[TimeControl "40/5400+30:1800+30"]

1. d4 Nf6 2. Nf3 e6 3. Bg5 c5 4. c3 cxd4 5. cxd4 Qb6 6. Qc2 Nc6 7. Bxf6 gxf6 8. e3 d5 9. Nc3 Bd7 10. Be2 Rc8 11. O-O f5 12. a3 Qd8 13. Rfc1 Bd6 14. b4 O-O 15. Qb3 Ne7 16. g3 Qc7 17. Kg2 Qb8 18. Nb5 Bxb5 19. Bxb5 Rxc1 20. Rxc1 Rc8 21. Qb2 Rc7 22. Ne1 Qc8 23. Nd3 Kg7 24. Ba4 b6 25. Rxc7 Qxc7 26. Qc2 Qb7 27. Bb5 a6 28. Ba4 Qa8 29. Qb2 a5 30. Bb5 Kg8 31. bxa5 Qxa5 32. a4 Kg7 33. Qc2 Kg8 34. h4 Kg7 35. Be8 Qa8 36. Bb5 Ng8 37. Qc6 Qb8 38. Qe8 Qc7 39. Qd7 Qb8 40. Qe8 Qc7 41. Qd7 Qb8 1/2-1/2

[Event "23rd Alekhine FIDE 2019"]
[Site "Voronezh"]
[Date "2019.06.15"]
[Round "4.7"]
[White "Shaydullina, Sandugach"]
[Black "Chernov, Vladimir S"]
[Result "0-1"]
[ECO "D15"]
[WhiteElo "2128"]
[BlackElo "1999"]
[Annotator "ChessBase"]
[PlyCount "136"]
[EventDate "2019.06.12"]
[EventType "swiss"]
[EventCountry "RUS"]
[SourceTitle "playchess.com"]
[Source "ChessBase"]
[SourceQuality "1"]
[TimeControl "40/5400+30:1800+30"]

1. d4 d5 2. c4 c6 3. Nf3 Nf6 4. Nc3 dxc4 5. e4 b5 6. Be2 e6 7. O-O Bb4 8. e5 Nd5 9. Ne4 h6 10. a4 O-O 11. axb5 cxb5 12. b3 Nc3 13. Nxc3 Bxc3 14. Ra2 cxb3 15. Qxb3 b4 16. Bd2 Bxd2 17. Nxd2 Nc6 18. Bf3 Nxd4 19. Qxb4 Nxf3+ 20. Nxf3 a5 21. Qe4 Bd7 22. h4 Qc7 23. Rc2 Qa7 24. Rc3 Rfc8 25. Re3 Bc6 26. Qf4 Bxf3 27. Rxf3 Qe7 28. Rg3 Kh8 29. Ra1 Rc5 30. Ra4 Rb8 31. Qg4 Qf8 32. Re3 Rb4 33. Re4 Rxa4 34. Rxa4 Rxe5 35. Qd4 Rd5 36. Qb6 Qc5 37. Qb8+ Kh7 38. Qb1+ f5 39. Qe1 Qd6 40. Ra1 a4 41. g3 a3 42. h5 a2 43. Kh2 Rd2 44. Qe3 Rb2 45. Qa7 Qd5 46. Re1 Rb7 47. Qa4 Rb2 48. Qa7 Qf3 49. Rf1 Qxh5+ 50. Kg2 Qg4 51. Qa3 Qd4 52. Qa6 Rxf2+ 53. Rxf2 a1=Q 54. Qxe6 Qe4+ 55. Qxe4 fxe4 56. Re2 Qd4 57. g4 Qd3 58. Kf2 Qf3+ 59. Ke1 e3 60. Rc2 Qh1+ 61. Ke2 Qg1 62. Kf3 Kg6 63. Rc6+ Kf7 64. Rc7+ Ke6 65. Rc2 Kd5 66. g5 hxg5 67. Rg2 Qf1+ 68. Kg3 Qf4+ 0-1